 Dungeon Crawl Stone Soup version 0.32-a0-589-g2d1f746d5d (webtiles) character file.

Game seed: 8396246900089539265

7114 senseless the Fighter (level 10, -5/91 HPs)
             Began as a Mountain Dwarf Earth Elementalist on Mar 2, 2024.
             Was a Believer of Beogh.
             Slain by a yak (7 damage)
             ... on level 10 of the Dungeon.
             The game lasted 00:29:42 (8340 turns).

senseless the Fighter (MDEE)                        Turns: 8340, Time: 00:29:43

Health: -5/91      AC: 11    Str: 10    XL:     10   Next: 85%
Magic:  29/29      EV:  8    Int: 24    God:    Beogh [**....]
Gold:   170        SH:  0    Dex: 10    Spells: 4/23 levels left

rFire   + . .        c - +6 great sword of Puom Zad {freeze, rF+ MP+9 Int+3}
rCold   + . .        (shield currently unavailable)
rNeg    + . .        o - +0 scale mail "Iveudghiwk" {rC+ Stlth+}
rPois   .            F - +1 helmet
rElec   .            y - scarf {repulsion}
rCorr   .            (no gloves)
SInv    .            g - +0 pair of boots
Will    +....        x - amulet of magic regeneration
Stlth   +            w - ring of positive energy
HPRegen 0.35/turn    (no ring)
MPRegen 0.61/turn

%: repel missiles
@: mighty
A: runic magic, artefact enchanting
a: Renounce Religion, Smiting


You were on level 10 of the Dungeon.
You worshipped Beogh.
Beogh was pleased with you.
You visited 1 branch of the dungeon, and saw 10 of its levels.

You collected 474 gold pieces.
You spent 304 gold pieces at shops.

Inventory:

Hand Weapons
 c - the +6 great sword of Puom Zad (weapon) {freeze, rF+ MP+9 Int+3}
   (You took it off a centaur on level 6 of the Dungeon)

   Int+3:     It affects your intelligence (+3).
   rF+:       It protects you from fire.
   MP+9:      It affects your magic capacity (+9).
 e - a +0 spear of freezing
 B - a +0 hand axe of electrocution
 E - a +2 short sword of protection
Missiles
 z - a throwing net
Armour
 g - a +0 pair of boots (worn)
 o - the +0 scale mail "Iveudghiwk" (worn) {rC+ Stlth+}
   (You found it on level 7 of the Dungeon)

   rC+:       It protects you from cold.
   Stlth+:    It makes you more stealthy.
 s - a +0 plate armour
 y - a scarf of repulsion (worn)
 F - a +1 helmet (worn)
Jewellery
 p - an amulet of reflection
 w - a ring of positive energy (left hand)
 x - an amulet of magic regeneration (around neck)
 D - a ring of magical power
Wands
 n - a wand of flame (28)
 H - a wand of light (12)
Scrolls
 i - 5 scrolls of noise
 j - 3 scrolls of fear
 m - a scroll of poison
 K - a scroll of amnesia
 L - a scroll of immolation
Potions
 a - a potion of enlightenment
 b - 2 potions of magic
 d - 3 potions of curing
 f - a potion of resistance {unknown}
 k - a potion of ambrosia {unknown}
 l - 2 potions of brilliance
 q - 2 potions of berserk rage
 r - 2 potions of might
 t - a potion of cancellation {unknown}
 u - 3 potions of mutation
 v - 2 potions of attraction
 A - 4 potions of lignification
 C - 2 potions of degeneration {unknown}
 G - a potion of haste {unknown}


   Skills:
 * Level 9.2 Fighting
 + Level 4.4 Long Blades
 + Level 6.4 Armour
 - Level 1.3 Dodging
 - Level 1.4 Stealth
 * Level 7.2 Spellcasting
 + Level 5.3 Conjurations
 + Level 2.7 Summonings
 + Level 7.2 Earth Magic


You had 4 spell levels left.
You knew the following spells:

 Your Spells              Type           Power      Damage    Failure   Level
a - Sandblast             Erth           86%        2d18      1%          1
b - Stone Arrow           Conj/Erth      76%        3d11      2%          3
c - Passwall              Erth           43%        N/A       1%          3
d - Animate Armour        Summ/Erth      64%        N/A       14%         4
e - Lehudib's Crystal Sp  Conj/Erth      19%        10d6      100%        8

Your spell library contained the following spells:

 Spells                   Type           Power      Damage    Failure   Level
 Sting                    Conj/Alch      84%        1d8       3%          1
 Brom's Barrelling Bould  Conj/Erth      38%        2d6       8%          4
 Ensorcelled Hibernation  Hex/Ice        16%        N/A       16%         2
 Mercury Vapours          Alch/Air       16%        N/A       16%         2
 Petrify                  Alch/Erth      26%        N/A       24%         4
 Swiftness                Air            8%         N/A       32%         3
 Olgreb's Toxic Radiance  Alch           8%         N/A       71%         4
 Summon Forest            Summ/Tloc      7%         N/A       86%         5
 Summon Mana Viper        Hex/Summ       15%        N/A       86%         5
 Summon Cactus Giant      Summ           10%        N/A       99%         6
 Eringya's Noxious Bog    Alch           4%         4d6       100%        6
 Summon Hydra             Summ           10%        N/A       100%        7


Dungeon Overview and Level Annotations

Branches:
Dungeon (10/15)            Temple (0/1) D:7
   Lair: D:8-11         Orc: D:9-12

Altars:
Ashenzari
Cheibriados
Dithmenos
Elyvilon
Gozag
Hepliaklqana
Nemelex Xobeh
Qazlal
Sif Muna
Trog
Uskayaw
Wu Jian

Shops:
D:2 *   D:6 !   D:7 (


Innate Abilities, Weirdness & Mutations

Your facial features look somewhat orcish.
Your spellcasting is much less encumbered by armour.
You can use scrolls of enchantment on lesser artefacts.


Message History

You kill the yak!
Beogh accepts your kill. The yak gores you!
You hit the yak but do no damage. The yak gores you.
You slash the yak! You freeze the yak.
The yak is moderately wounded.
The yak barely misses you. The yak gores you but does no damage.
You closely miss the yak.
The yak is moderately wounded.
The yak gores you!
* * * LOW HITPOINT WARNING * * *
You slash the yak! You freeze the yak.
The yak is severely wounded.
The yak gores you but does no damage. The yak gores you.
* * * LOW HITPOINT WARNING * * *
You slash the yak! You freeze the yak.
You kill the yak!
Beogh accepts your kill.
You slice the yak!! You freeze the yak.
The yak is severely wounded.
The yak gores you.
* * * LOW HITPOINT WARNING * * *
The yak gores you!
* * * LOW HITPOINT WARNING * * *
You barely miss the yak.
The yak is severely wounded.
The yak gores you but does no damage.
You feel very mighty all of a sudden. The yak gores you but does no damage.
You hit the yak. You freeze the yak.
The yak is almost dead.
You hear the faint creaking of a very distant portcullis.
The yak gores you.
* * * LOW HITPOINT WARNING * * *
The yak gores you!
* * * LOW HITPOINT WARNING * * *
You closely miss the yak.
The yak is almost dead.
The yak gores you!
You die...

...........##.....#........#
###........# ....##......###
#........# #.......#
#........# #.......#
#........# #.......# ......
#.......# ...... #.......#
..>...#######..[....#
.........YY@........#
#####..#'#######...#
#YY#.......#...#
#Y.#.......# ..#
#.Y#.......# .# #..#.......#
#..######### #... #...


You could see 2 yaks.

Vanquished Creatures
  A two-headed ogre (D:9)
  The ghost of CobblerOfWar the Thaumaturge, a novice DjCj (D:7)
  A manticore (D:10)
  A troll (D:9)
  13 yaks
  2 water moccasins (D:7)
  3 sky beasts
  An orc warrior (D:7)
  A black bear (D:5)
  An ogre (D:5)
  A centaur (D:6)
  A wolf (D:9)
  3 kobold brigands
  4 bullfrogs
  6 gnoll sergeants
  2 scorpions
  3 killer bees (D:7)
  7 howler monkeys
  A bombardier beetle (D:3)
  12 hounds
  4 jellies
  A gnoll bouda (D:9)
  2 orc priests
  3 iguanas
  A sleepcap (D:5)
  3 orc wizards
  22 gnolls
  8 adders
  A shadow imp (D:8)
  2 white imps
  2 ufetubi (D:5)
  2 ribbon worms (D:4)
  27 orcs
  10 endoplasms
  2 giant cockroaches
  3 goblins
  10 hobgoblins
  11 jackals
  4 quokkas
  10 ball pythons
  4 bats
  4 frilled lizards
  24 kobolds
  5 rats
230 creatures vanquished.

Notes
Turn   | Place    | Note
-------+----------+-------------------------------------------
     0 | D:1      | senseless the Mountain Dwarf Earth Elementalist began the
                  | quest for the Orb.
     0 | D:1      | Reached XP level 1. HP: 14/14 MP: 3/3
   153 | D:1      | Reached skill level 1 in Conjurations
   169 | D:1      | Reached XP level 2. HP: 19/22 MP: 0/5
   371 | D:1      | Reached skill level 1 in Fighting
   824 | D:2      | Reached XP level 3. HP: 28/28 MP: 2/6
   864 | D:2      | Reached skill level 1 in Armour
   931 | D:2      | Found Ividgh's Assorted Antiques.
   982 | D:2      | Learned a level 3 spell: Stone Arrow
  1530 | D:2      | Reached skill level 2 in Fighting
  1743 | D:2      | Reached XP level 4. HP: 36/36 MP: 5/7
  2100 | D:2      | Bought a thick fluorescent amulet for 110 gold pieces
  2747 | D:4      | Found an opulent altar of Gozag.
  2851 | D:4      | Reached XP level 5. HP: 42/42 MP: 6/9
  2985 | D:4      | Found a shadowy altar of Dithmenos.
  2986 | D:4      | Found a sparkling altar of Nemelex Xobeh.
  3441 | D:4      | Found a broken altar of Ashenzari.
  3647 | D:4      | Found an ornate altar of the Wu Jian Council.
  3647 | D:4      | Found a snail-covered altar of Cheibriados.
  3755 | D:5      | Entered Level 5 of the Dungeon
  3769 | D:5      | Reached skill level 3 in Fighting
  4217 | D:5      | Reached XP level 6. HP: 40/51 MP: 4/10
  4365 | D:5      | Found a hazy altar of Hepliaklqana.
  4374 | D:5      | Found a white marble altar of Elyvilon.
  4419 | D:5      | Reached skill level 4 in Fighting
  4516 | D:5      | Found a bloodstained altar of Trog.
  4525 | D:5      | Found a hide-covered altar of Uskayaw.
  4590 | D:6      | Reached XP level 7. HP: 59/59 MP: 10/12
  4610 | D:6      | Found Qixeagg's Distillery.
  4619 | D:6      | Bought a potion of might for 40 gold pieces
  4619 | D:6      | Bought a potion of lignification for 30 gold pieces
  4619 | D:6      | Bought a potion of curing for 30 gold pieces
  4619 | D:6      | Bought a potion of enlightenment for 50 gold pieces
  4778 | D:6      | Identified the +6 great sword of Puom Zad {freeze, rF+ MP+9
                  | Int+3}
  5030 | D:7      | Reached skill level 5 in Fighting
  5060 | D:7      | Reached XP level 8. HP: 68/68 MP: 14/14
  5077 | D:7      | Reached skill level 1 in Long Blades
  5077 | D:7      | Reached skill level 5 in Earth Magic
  5123 | D:7      | Found a staircase to the Ecumenical Temple.
  5152 | D:7      | Became a worshipper of Beogh the Shepherd
  5355 | D:2      | Bought a scroll labelled GOACEA TOREKH for 22 gold pieces
  5355 | D:2      | Bought a scroll labelled ESININ YLUFERGH for 22 gold pieces
  5533 | D:7      | Found a runed translucent gate.
  5534 | D:7      | Found a runed translucent gate.
  5569 | D:7      | Found a runed translucent gate.
  5570 | D:7      | Noticed CobblerOfWar's ghost (novice DjCj)
  5629 | D:7      | Reached skill level 6 in Fighting
  5629 | D:7      | Reached skill level 5 in Spellcasting
  5660 | D:7      | Found Memine's Antique Weapon Boutique.
  5811 | D:7      | Killed CobblerOfWar's ghost
  5812 | D:7      | Reached XP level 9. HP: 63/78 MP: 4/17
  5814 | D:7      | Identified the +0 scale mail "Iveudghiwk" {rC+ Stlth+}
  5883 | D:7      | Reached skill level 7 in Fighting
  6000 | D:7      | Reached skill level 5 in Armour
  6183 | D:8      | Reached * piety under Beogh
  6189 | D:8      | Found a shimmering blue altar of Sif Muna.
  6587 | D:8      | Learned a level 3 spell: Passwall
  6592 | D:8      | Learned a level 4 spell: Animate Armour
  6601 | D:8      | Learned a level 8 spell: Lehudib's Crystal Spear
  6832 | D:9      | Found a stormy altar of Qazlal.
  6910 | D:9      | Noticed a troll
  6916 | D:9      | Noticed a two-headed ogre
  6917 | D:9      | Killed a troll
  6918 | D:9      | Reached XP level 10. HP: 40/88 MP: 8/19
  7093 | D:9      | Reached skill level 8 in Fighting
  7133 | D:9      | Reached ** piety under Beogh
  7145 | D:9      | Reached skill level 1 in Summonings
  7496 | D:9      | Killed a two-headed ogre
  7597 | D:9      | Reached skill level 5 in Conjurations
  8251 | D:10     | Entered Level 10 of the Dungeon
  8304 | D:10     | Noticed a manticore
  8312 | D:10     | Killed a manticore
  8313 | D:10     | Reached skill level 9 in Fighting
  8323 | D:10     | HP: 3/91 [yak (4)]
  8339 | D:10     | HP: 2/91 [yak (7)]
  8340 | D:10     | Slain by a yak

Illustrated notes

Levels and vault maps discovered:
D:1:      co_arrival_two_rings, layout_rooms, columned_hall_lemuel
D:2:      layout_basic, serial_shops, shop, serial_rivers,
          chequers_serial_rivers_marsh, chequers_serial_rivers_micro_a,
          chequers_serial_rivers_large_a, chequers_serial_rivers_room_b
D:3:      layout_basic, st_stairs_2
D:4:      layout_loops_corners, nicolae_overflow_hidden_temple,
          grunt_gozag_breadcrumbs, nicolae_overflow_crystal_walls,
          minmay_starry_boxes
D:5:      layout_cave_pools, mainiacjoe_overflow_swirl,
          amethyst_overflow_temple_binary, minmay_misc_feat_tower
D:6:      layout_rooms, serial_shops, shop
D:7:      layout_rooms, temple_pool_b, ebering_ghost_rock_garden, serial_shops,
          kennysheep_little_box
D:8:      layout_rooms, kennysheep_mini_moat
D:9:      layout_cave_pools, nicolae_qazlal_general_emergency,
          serial_gnoll_camp, gnoll_camp_mini_doghouse, gnoll_camp_huts_basic,
          gnoll_camp_mini_basic, gnoll_camp_mini_loothouse,
          gnoll_camp_mini_house
D:10:     layout_irregular_city, lemuel_round_altar, enter_bailey_4

Skill      XL: |  1  2  3  4  5  6  7  8  9 10 |
---------------+-------------------------------+-----
Conjurations   | 1 2 3 4 5 |  5.3
Spellcasting   | 2 3 4 5 6 7 |  7.2
Fighting       | 1 2 3 4 5 6 7 9 |  9.2
Armour         | 1 2 3 4 5 6 |  6.4
Earth Magic    | 4 5 6 7 |  7.2
Long Blades    | 2 3 4 |  4.4
Summonings     | 2 |  2.7
Dodging        | |  1.3
Stealth        | |  1.4

Action                     |  1- 3 |  4- 6 |  7- 9 | 10-12 || total
---------------------------+-------+-------+-------+-------++-------
  Melee: Dagger            |    23 |       |       |       ||    23
         Spear             |    19 |       |       |       ||    19
         Short sword       |       |     1 |       |       ||     1
         Great sword       |       |       |    15 |    28 ||    43
   Cast: Sandblast         |    66 |   100 |    96 |    97 ||   359
         Stone Arrow       |       |     8 |    66 |    10 ||    84
 Invoke: Convert to Beogh  |       |       |     1 |       ||     1
  Evoke: Wand              |       |     2 |     1 |       ||     3
    Use: Scroll            |       |     7 |     7 |     2 ||    16
         Potion            |       |       |       |     3 ||     3
 Armour: Robe              |    42 |       |       |       ||    42
         Scale mail        |     6 |    16 |    63 |   144 ||   229
         Ring mail         |       |    25 |    46 |       ||    71
  Dodge: Dodged            |    36 |    40 |    63 |    78 ||   217
         Repelled          |       |     3 |    10 |     1 ||    14
  Block: Other             |       |     1 |       |       ||     1

Table legend: (Time is in decaauts)
 A = Elapsed time spent in this place.
 B = Non-inter-level travel time spent in this place.
 C = Inter-level travel time spent in this place.
 D = Time resting spent in this place.
 E = Time spent auto-exploring this place.
 F = Levels seen in this place.
 G = Mean time per level.
                   A        B        C        D        E       F      G
               +--------+--------+--------+--------+--------+-----+--------+
         Total |   8559 |   7977 |    582 |    755 |   5803 |  10 |  855.9 |
       Dungeon |   8559 |   7977 |    582 |    755 |   5803 |  10 |  855.9 |
               +--------+--------+--------+--------+--------+-----+--------+

Top non-repeatable levels by time:
     D:9: 1336 daAuts
     D:2: 1209 daAuts
     D:4: 1157 daAuts
     D:7: 1097 daAuts
     D:5: 848 daAuts
     D:3: 836 daAuts
     D:1: 806 daAuts
     D:8: 634 daAuts
     D:6: 531 daAuts
    D:10: 100 daAuts
